 Dungeon Crawl Stone Soup version 0.14.1-24-gbdbe590 (webtiles) character file.

323 Psiweapon the Insei (level 5, -2/35 HPs)
             Began as an Octopode Transmuter on June 25, 2014.
             Slain by hcnick's ghost (22 damage)
             ... on Level 4 of the Dungeon.
             The game lasted 00:17:23 (3203 turns).

Psiweapon the Insei (Octopode Transmuter)           Turns: 3203, Time: 00:17:23

HP  -2/35        AC  1     Str 10      XL: 5   Next: 75%
MP   8/9         EV 13     Int 15      God:
Gold 126         SH  0     Dex 13      Spells:  2 memorised,  4 levels left

rFire  . . .     SeeInvis +       - Unarmed
rCold  . . .     Clarity  .     (no shield)
rNeg   + . .     Conserve .     (helmet restricted)
rPois  .         rCorr    .     g - amulet of warding {unknown}
rElec  .         rRot     .     o - ring of see invisible {unknown}
SustAb . .       Spirit   .     (no ring)
rMut   .         Warding  +     (no ring)
Saprov . . .     Stasis   .     (no ring)
MR     .....                    (no ring)
                                (no ring)
                                (no ring)
                                (no ring)

@: appendage, not resistant to hostile enchantments, fairly stealthy
A: almost no armour, amphibious, 8 rings, constrict 8, tentacle spike 3,
camouflage 1, gelatinous body 1
a: End Transformation


You were on level 4 of the Dungeon.
You were hungry.
One of your tentacles had a temporary spike.
You visited 1 branch of the dungeon, and saw 4 of its levels.

You collected 126 gold pieces.

Inventory:

Hand weapons
 z - a +0,+2 vampiric dagger
Missiles
 b - 12 arrows
 c - 6 stones
 n - 10 exploding darts (quivered)
 y - 12 poisoned needles
Comestibles
 a - a bread ration
 m - a meat ration
 q - a banana
 w - an apple
Scrolls
 k - 3 scrolls of enchant armour {unknown}
 l - 2 scrolls of teleportation {unknown}
 r - 5 scrolls of identify {unknown}
 v - a scroll of remove curse {unknown}
 C - a scroll of random uselessness {unknown}
Jewellery
 f - an uncursed ring of ice
 g - an amulet of warding (around mantle) {unknown}
 i - an uncursed ring of fire
 o - a ring of see invisible (left tentacle) {unknown}
 x - an uncursed amulet of guardian spirit {unknown}
Potions
 e - a potion of curing
 h - a potion of magic {unknown}
 j - a potion of porridge
 p - 2 potions of flight {unknown}
 s - 2 potions of heal wounds {unknown}
 t - a potion of confusion {unknown}
 u - a potion of resistance {unknown}
Books
 d - a book of Changes

   Spells                             Type                      Level
   *Beastly Appendage                 Transmutation                1
   Sticks to Snakes                   Transmutation                2
   *Spider Form                       Transmutation/Poison         3
   Ice Form                           Ice/Transmutation            4
   Blade Hands                        Transmutation                5


   Skills:
 + Level 2.4 Fighting
 + Level 3.6 Dodging
 + Level 4.0 Unarmed Combat
 - Level 2.0 Spellcasting
 + Level 3.3 Transmutations


You had 4 spell levels left.
You knew the following spells:

 Your Spells              Type           Power        Failure   Level  Hunger
a - Beastly Appendage     Trmt           ##....       8%          1    #......
b - Spider Form           Trmt/Pois      #.........   34%         3    ####...


Dungeon Overview and Level Annotations

Branches:
Dungeon (4/15)
 Temple: D:4-7

Altars:

Annotations:
D:4 hcnick's ghost, average DDFi


Innate Abilities, Weirdness & Mutations

You cannot wear most types of armour.
You are amphibious.
You can wear up to eight rings at the same time.*
You can use your tentacles to constrict many enemies at once.*
Your skin changes colour to match your surroundings (Stlth).*
Your rubbery body absorbs attacks (AC +1).*
One of your tentacles bears a large vicious spike.*


Message History

Here: hcnick's ghost An open door.
You are feeling hungry.
You closely miss the orc. Your grab misses the orc. You squeeze the orc.
The orc is moderately wounded.
The orc hits you with a short sword. The orc hits you with a flail.
You hit hcnick's ghost but do no damage.
You pierce hcnick's ghost.
Your tentacle-slap misses hcnick's ghost.
You squeeze hcnick's ghost, but do no damage.
Hcnick's ghost is lightly damaged.
The orc hits you with a short sword.
The orc wizard gestures wildly while chanting.
The orc wizard seems to speed up.
The orc hits you with a flail. Hcnick's ghost barely misses you.
You hit hcnick's ghost.
You pierce hcnick's ghost.
You squeeze hcnick's ghost.
Hcnick's ghost is lightly damaged.
The orc barely misses you. Hcnick's ghost hits you!
Ouch! That really hurt!
You die...

### ... ..
########
####.##..z....#
#...oo@.##+##
#..#.o#p#...#
.....#.'.<.+
.........#...#
##...###.##+##
.... #.. #. ..#
. ... ..#.


You could see an orc wizard, hcnick's ghost, 2 orcs and an adder skeleton.

Vanquished Creatures
  Ijyb (D:2)
  4 gnolls (D:3)
  5 adders
  4 worms
  A giant gecko (D:3)
  2 orcs
  11 bats
  6 goblins
  12 hobgoblins
  10 kobolds
  A quokka (D:2)
  3 ball pythons
  2 giant cockroaches
  4 giant newts
  9 rats
75 creatures vanquished.

Notes
Turn   | Place    | Note
--------------------------------------------------------------
     0 | D:1      | Psiweapon, the Octopode Transmuter, began the quest for the Orb.
     0 | D:1      | Reached XP level 1. HP: 13/13 MP: 3/3
   117 | D:1      | Reached XP level 2. HP: 18/18 MP: 2/4
   923 | D:2      | Reached XP level 3. HP: 23/23 MP: 6/6
  1853 | D:2      | Noticed Ijyb
  1865 | D:2      | Killed Ijyb
  1865 | D:2      | Reached XP level 4. HP: 20/28 MP: 5/7
  2288 | D:3      | Learned a level 3 spell: Spider Form
  2506 | D:3      | Reached XP level 5. HP: 32/34 MP: 7/9
  2843 | D:3      | Reached skill level 4 in Unarmed Combat
  3197 | D:4      | Noticed hcnick's ghost (average DDFi)
  3203 | D:4      | Slain by hcnick's ghost

Action                   |  1- 3 |  4- 6 || total
-------------------------+-------+-------++-------
Melee: Unarmed           |    88 |    93 ||   181
Throw: Stone             |    41 |    17 ||    58
       Dart              |     2 |     5 ||     7
 Cast: Beastly Appendage |    13 |     6 ||    19
  Use: Potion            |     2 |       ||     2
 Stab: Sleeping          |     4 |     2 ||     6
